 Dungeon Crawl Stone Soup version 0.21-a0-94-gdd6ab6a (webtiles) character file.

14450572 graymark the Bringer of Light (level 27, 282/298 HPs)
             Began as a Naga Berserker on June 28, 2017.
             Was the Champion of the Shining One.
             Escaped with the Orb
             ... and 15 runes on July 3, 2017!
             The game lasted 12:01:58 (110337 turns).

graymark the Bringer of Light (Naga Berserker)    Turns: 110337, Time: 12:01:59

Health: 282/298    AC: 50    Str: 38    XL:     27
Magic:  12/12      EV: 28    Int: 12    God:    the Shining One [******]
Gold:   14532      SH: 18    Dex: 25    Spells: 24/26 levels left

rFire    + + +     SeeInvis +   Q - +6 broad axe (antimagic)
rCold    + + +     Gourm    .   N - +1 shield {rC+}
rNeg     + + +     Faith    +   w - +10 plate armour "Vochol" {rCorr Str+3}
rPois    +         Spirit   .   (helmet restricted)
rElec    +         Reflect  .   V - scarf {cloud immunity}
rCorr    +         Harm     .   F - +2 pair of gloves {Dex+3}
MR       +++..     Rnd*Tele +   T - +0 naga barding {rF+}
Stlth    +.........             v - amulet of Ciwytog {Faith +Inv rF+ Dex+2}
HPRegen  0.59/turn              Y - ring "Afadesup" {Str+6 Int+4 Dex+4 Stlth+}
MPRegen  0.13/turn              b - ring of Bihyblug {rF+ rC++ Str+7 Dex-3}

@: glowing, very slow
A: horns 1, stinger 1, thin skeletal structure 1, yellow scales 1, see
invisible, deformed body, low mp 1, poison resistance, screaming 1, electricity
resistance, slowness 2, inhibited regeneration, slow metabolism 1, spit poison
1, teleportitis 1, weak 2, subdued magic 1, constrict 1, AC +9
0: Orb of Zot
}: 15/15 runes: decaying, slimy, silver, golden, iron, obsidian, icy, bone,
abyssal, demonic, glowing, magical, fiery, dark, gossamer
a: Spit Poison, Divine Shield, Cleansing Flame, Summon Divine Warrior, Renounce
Religion, Evoke Invisibility


You escaped.
You worshipped the Shining One.
The Shining One was exalted by your worship.
You were not hungry.

You visited 17 branches of the dungeon, and saw 88 of its levels.
You visited Pandemonium 3 times, and saw 35 of its levels.
You visited the Abyss 3 times.
You also visited: Labyrinth and Sewer.

You collected 16746 gold pieces.
You spent 2214 gold pieces at shops.

Inventory:

Hand Weapons
 g - the +6 broad axe "Ykkat" {flame, rPois}
   (Trog gifted it to you on level 4 of the Depths)

   It has been specially enchanted to burn those struck by it, causing extra
   injury to most foes and up to half again as much damage against particularly
   susceptible opponents.
   Big, fiery blades are also staple armaments of hydra-hunters.
   It protects you from poison.
 l - a +9 broad axe of holy wrath
 z - the +7 dire flail of Termination {freeze, rC+}
   (You found it on level 6 of the Lair of Beasts)

   It has been specially enchanted to freeze those struck by it, causing extra
   injury to most foes and up to half again as much damage against particularly
   susceptible opponents.
   It can also slow down cold-blooded creatures.
   It protects you from cold.
 P - the +10 morningstar of Moral Flaws {crush, rF+ rN+}
   (You found it on level 5 of the Pits of Slime)

   It inflicts extra damage upon your enemies.
   It protects you from fire.
   It protects you from negative energy.
 Q - a +6 antimagic broad axe (weapon)
 S - the +6 morningstar of Hospitality {crush, rElec Int+2}
   (Trog gifted it to you on level 2 of the Crypt)

   It inflicts extra damage upon your enemies.
   It affects your intelligence (+2).
   It insulates you from electricity.
Armour
 a - the +0 helmet of Muilegan {+Inv rN+ Dex+6 Stlth+}
   (You found it in Pandemonium)

   It affects your dexterity (+6).
   It protects you from negative energy.
   It lets you turn invisible.
   It makes you more stealthy.
 w - the +10 plate armour "Vochol" (worn) {rCorr Str+3}
   (You found it on level 5 of the Pits of Slime)

   It affects your strength (+3).
   It protects you from acid and corrosion.
 F - a +2 pair of gloves of dexterity (worn)
 N - a +1 shield of cold resistance (worn)
 T - a +0 naga barding of fire resistance (worn)
 V - a scarf of cloud immunity (worn)
 X - a +4 large shield of protection
Jewellery
 b - the ring of Bihyblug (right hand) {rF+ rC++ Str+7 Dex-3}
   (You found it in Pandemonium)

   [ring of protection from fire]

   It affects your strength (+7).
   It affects your dexterity (-3).
   It protects you from fire.
   It greatly protects you from cold.
 f - the ring of Iveffik {+Fly rF+}
   (You found it on level 3 of the Tomb of the Ancients)

   [ring of flight]

   It protects you from fire.
   It lets you fly.
 v - the amulet of Ciwytog (around neck) {Faith +Inv rF+ Dex+2}
   (You found it in a labyrinth)

   [amulet of faith]

   It allows you to gain divine favour quickly.
   It affects your dexterity (+2).
   It protects you from fire.
   It lets you turn invisible.
 J - the amulet of Doors {Spirit Dex+5}
   (You took it off a deep elf high priest on level 3 of the Elven Halls)

   [amulet of guardian spirit]

   It causes incoming damage to be split between your health and magic.
   It affects your dexterity (+5).
 K - the ring of Zishos {rF+ rN+}
   (You found it on level 3 of the Depths)

   [ring of positive energy]

   It protects you from fire.
   It protects you from negative energy.
 W - an uncursed ring of resist corrosion
 Y - the ring "Afadesup" (left hand) {Str+6 Int+4 Dex+4 Stlth+}
   (You found it in a labyrinth)

   [ring of stealth]

   It affects your strength (+6).
   It affects your intelligence (+4).
   It affects your dexterity (+4).
   It makes you more stealthy.
Wands
 n - a wand of digging (13/24)
Scrolls
 d - 22 scrolls of remove curse
 e - 4 scrolls of summoning
 h - 11 scrolls of teleportation
 i - 4 scrolls of holy word
 k - 10 scrolls of recharging
 u - a scroll of silence
 y - 2 scrolls of immolation
 E - 8 scrolls of fear
 G - 4 scrolls of blinking
 M - 14 scrolls of fog
 R - 7 scrolls of identify
Potions
 j - 13 potions of brilliance
 p - 5 potions of cancellation
 q - 5 potions of magic
 r - 10 potions of flight
 s - 14 potions of curing
 A - 11 potions of berserk rage
 B - 8 potions of ambrosia
 D - 2 potions of might
 H - 4 potions of agility
 O - 3 potions of heal wounds
 U - 2 potions of resistance
 Z - 2 potions of mutation
Miscellaneous
 m - a phial of floods
 C - a figurine of a ziggurat
 L - a lamp of fire
Comestibles
 c - 18 bread rations
 o - 25 royal jellies
 x - 30 meat rations
 I - 6 fruits


   Skills:
 O Level 27 Fighting
 - Level 22.6(23.5) Axes
 - Level 12.7(19.0) Maces & Flails
 - Level 26.0 Armour
 O Level 27 Dodging
 - Level 20.0 Stealth
 - Level 15.5 Shields
 O Level 27 Invocations
 + Level 26.0 Evocations


You had 24 spell levels left.
You knew the following spells:

 Your Spells              Type           Power        Failure   Level  Hunger
a - Blink                 Tloc           N/A          71%         2    ###....


Dungeon Overview and Level Annotations

Branches:
Dungeon (15/15)            Temple (0/1) D:6            Lair (6/6) D:9
  Swamp (4/4) Lair:2       Spider (4/4) Lair:3        Slime (5/5) Lair:5
    Orc (2/2) D:10            Elf (3/3) Orc:2        Vaults (5/5) D:13
  Crypt (3/3) Vaults:2       Tomb (3/3) Crypt:3      Depths (5/5) D:15
   Hell (1/1)                 Dis (7/7) Hell            Geh (7/7) Hell
    Coc (7/7) Hell            Tar (7/7) Hell            Zot (5/5) Depths:5

Altars:
Ashenzari
Cheibriados
Dithmenos
Elyvilon
Fedhas
Gozag
Kikubaaqudgha
Okawaru
Ru
Sif Muna
Trog
Vehumet
Yredelemnul
The Shining One
Beogh

Shops:
D:11 :   D:12 *   Orc:2 }![   Elf:1 !   Elf:2 !   Depths:1 ([=!   Depths:2 *

Portals:
Hell: Depths:1 Depths:2 Depths:3 Depths:4 Depths:5
Abyss: Depths:1 Depths:4
Pandemonium: Depths:3
Ziggurat: Depths:5

Annotations:
D:6 exclusion: oklob sapling
D:7 1 runed door, exclusion: door
Lair:3 exclusion: 2 oklob plants
Lair:6 1 exclusion
Vaults:2 mennas & mara
Coc:7 exclusion: ice statue


Innate Abilities, Weirdness & Mutations

You cannot wear boots.
Your serpentine skin is tough. (AC +9)
You have supernaturally acute eyesight. (SInv)
Armour fits poorly on your strangely shaped body.
Your system is resistant to poisons. (rPois)
You cover ground very slowly.
You have a slow metabolism.
You can spit poison.
You can use your snake-like lower body to constrict enemies.
You have a pair of small horns on your head.
Your tail ends in a poisonous barb.
You have a somewhat thin skeletal structure. (Dex +2, Stealth)
You are partially covered in yellow scales. (AC +2)
Your magical capacity is low. (-10% MP)
You occasionally shout uncontrollably at your foes.
You are resistant to electric shocks. (rElec)
You do not regenerate when monsters are visible.
You are occasionally teleported next to monsters.
You are very weak. (Str -4)
Your spells are a little easier to cast, but a little less powerful.


Message History

The smoke demon's magic leaks into the air.
Your headbutt misses the smoke demon.
You tail-slap the smoke demon, but do no damage.
The smoke demon is moderately wounded.
The smoke demon gestures at you. You block the sticky flame.
You slice the smoke demon!!
The smoke demon's magic leaks into the air.
Your headbutt misses the smoke demon.
The smoke demon is severely wounded.
You hit the smoke demon.
The smoke demon's magic leaks into the air.
You headbutt the smoke demon. You tail-slap the smoke demon.
You kill the smoke demon!
The Shining One accepts your kill.
You feel better.
You enter the shallow water.
Moving in this stuff is going to be slow.
There is a staircase leading out of the dungeon here.
You have escaped!

##.# #.....÷. #.#
############# #.[.....
#.###≈#≈#.#≈#≈#≈# #.......
#.##≈≈#.....≈≈≈# #.......
#.##≈≈.......≈≈####.......
#.#≈≈.........≈##....[....
#.≈≈....≈≈≈....≈≈.########
#.≈....≈...≈....≈.#
#......≈.@.≈......#
##≈....≈...≈....≈##
#≈≈....≈≈≈....≈≈#
###≈.........≈###
#≈≈≈(......≈≈≈#
#≈≈≈≈.....≈≈≈≈#
##≈#≈≈#..##≈≈≈#
##############


There were no monsters in sight!

Vanquished Creatures
  Cerebov (Pan)
  Antaeus (Coc:7)
  Asmodeus (Geh:7)
  Ereshkigal (Tar:7)
  the Royal Jelly (Slime:5)
  Gloorx Vloq (Pan)
  Lom Lobon (Pan)
  A seraph (D:15)
  Mnoleg (Pan)
  the Serpent of Hell (Geh:7)
  5 orbs of fire (Zot:5)
  Dispater (Dis:7)
  Mara (Vaults:2)
  12 ancient liches
  Mennas (Vaults:2)
  4 juggernauts (Depths:4)
  Sojobo (Depths:2)
  29 greater mummies
  Bai Suzhen (Vaults:2)
  11 pandemonium lords
  Xtahua (Depths:3)
  13 shard shrikes
  2 Killer Klowns (Zot:5)
  8 caustic shrikes
  Geryon (Hell)
  18 golden dragons
  Nikola (Vaults:3)
  5 electric golems (Zot:5)
  17 Tzitzimimeh
  26 Brimstone Fiends
  7 iron giants (Dis:7)
  6 bone dragons
  3 doom hounds
  19 Ice Fiends
  3 hellephants
  20 tentacled monstrosities
  17 liches
  27 Orb Guardians
  2 deep elf blademasters
  8 Hell Sentinels
  4 titans
  8 quicksilver dragons
  A deep elf master archer (Elf:3)
  18 acid blobs
  13 sphinxes
  4 eldritch tentacles
  2 death cobs (Zot:5)
  27 Executioners
  A kraken (Abyss:1)
  Murray (Depths:1)
  21 ancient champions
  13 storm dragons
  9 tentacled starspawn
  9 tengu reavers
  29 shadow dragons
  A thorn hunter (Swamp:4)
  4 draconian monks
  4 revenants
  Donald (Orc:2)
  12 deep elf sorcerers
  12 azure jellies
  5 draconian knights
  3 draconian scorchers
  13 iron dragons
  27 frost giants
  11 fire giants
  22 vault wardens
  38 balrugs
  13 warmongers (Pan)
  A ghoul (Crypt:3)
  4 ghost moths
  13 emperor scorpions
  Aizul (Swamp:2)
  The ghost of p0werm0de the Severer, a journeyman DsWr of Gozag (Orc:2)
  2 draconian shifters
  34 cacodemons
  4 spriggan defenders (Depths:4)
  7 deep elf elementalists
  70 reapers
  49 stone giants
  An angel (Pan)
  2 elemental wellsprings (Coc:7)
  18 ironheart preservers
  4 curse skulls
  6 war gargoyles
  5 draconian annihilators
  70 very ugly things
  3 draconian stormcallers
  15 vampire knights
  5 green draconians
  8 deep elf demonologists
  21 lorocyprocas
  12 bennus
  9 blood saints (Pan)
  Azrael (D:15)
  5 entropy weavers
  18 deep elf annihilators
  8 purple draconians
  11 black suns (Pan)
  7 black draconians
  12 corrupters (Pan)
  7 spark wasps
  17 red draconians
  4 white draconians
  5 yellow draconians
  6 eidola
  10 deep elf death magi
  21 mummy priests
  44 blizzard demons
  16 green deaths
  14 ettins
  4 quicksilver dragon zombies
  A minotaur (Lab)
  15 fire dragons
  22 ogre magi
  8 jiangshi
  A merfolk impaler (Depths:1)
  6 death oozes
  3 kraken zombies
  4 deep elf high priests
  20 yaktaur captains
  21 great orbs of eyes
  3 quicksilver dragon skeletons
  The ghost of AnCiEnTStOnEBeAsT the Severer, a journeyman HOFi of Okawaru (D:11)
  40 ice dragons
  29 vault guards
  17 hell beasts
  22 hydras
  12 rakshasas
  Erolcha (Orc:2)
  7 spriggan air magi
  19 centaur warriors
  2 anacondas (shapeshifter)
  6 catoblepae
  11 monstrous demonspawn
  2 juggernaut simulacra (Pan)
  5 death yaks (Lair:6)
  54 two-headed ogres
  2 ghost crabs
  A merfolk avatar (Depths:1)
  18 alligators
  17 deep troll shamans
  12 tengu warriors
  3 death knights
  34 death scarabs
  14 deep troll earth magi
  32 hell hogs
  4 thrashing horrors
  14 vampire magi
  26 dancing weapons
  39 hell knights
  8 titan zombies
  A shock serpent (shapeshifter) (Depths:4)
  5 spriggan berserkers
  4 titan skeletons
  41 soul eaters
  3 iron golems (Hell)
  2 storm dragon zombies
  Nergalle (Orc:2)
  25 deep elf knights
  15 small abominations
  78 sun demons
  9 anaconda zombies
  3 storm dragon skeletons
  16 shadow wraiths
  3 cherubim (D:15)
  47 sixfirhies
  4 spatial maelstroms
  116 skeletal warriors
  5 wretched stars
  5 golden dragon zombies
  A death drake (shapeshifter) (Vaults:5)
  3 ghost moth zombies
  28 shadow demons
  19 iron trolls
  7 gelid demonspawn (Pan)
  A spriggan druid (Swamp:3)
  A quicksilver dragon simulacrum (Abyss:5)
  14 glowing orange brains
  9 unseen horrors
  20 flayed ghosts
  A death drake (Abyss:4)
  A sea snake (shapeshifter) (Depths:4)
  10 infernal demonspawn
  Pikel (D:7)
  25 deep elf archers
  11 wizards
  7 torturous demonspawn (Pan)
  35 deep trolls
  41 starcursed masses
  A lindwurm (shapeshifter) (Depths:2)
  A harpy (shapeshifter) (Vaults:2)
  24 phantasmal warriors
  6 anaconda skeletons
  5 shambling mangroves
  11 necromancers
  2 golden dragon skeletons
  16 ironbrand convokers
  11 swamp dragons
  4 iron dragon zombies
  7 wolf spider zombies
  A shadow dragon zombie (Tar:6)
  26 orb spiders
  43 wolf spiders
  72 deep elf magi
  A mana viper (shapeshifter) (Depths:4)
  3 fire giant zombies
  8 frost giant zombies
  A cyclops (shapeshifter) (Depths:5)
  12 orc knights
  92 ugly things
  8 stone giant zombies
  38 cyclopes
  9 orc sorcerers
  2 fauns (shapeshifter)
  10 moths of wrath
  3 salamanders (Depths:3)
  4 shadow dragon skeletons
  6 worldbinders
  8 shining eyes
  2 iron dragon skeletons
  3 manticores
  Maurice (D:8)
  A shock serpent zombie (Dis:7)
  2 water nymphs (shapeshifter)
  4 dire elephant zombies
  14 vault sentinels
  10 elephants
  2 ice statues
  4 frost giant skeletons
  14 fire giant skeletons
  11 molten gargoyles
  2 stone giant skeletons
  3 eyes of devastation
  2 apocalypse crabs
  2 black mambas
  4 torpor snails
  31 rust devils
  2 storm dragon simulacra
  A toenail golem (Abyss:4)
  20 spiny frogs
  88 smoke demons
  2 yaktaur zombies (Vaults:3)
  34 orange demons
  6 emperor scorpion zombies
  48 hellions
  7 gargoyles
  7 dire elephant skeletons
  3 rime drakes
  38 demonic crawlers
  7 komodo dragons
  2 catoblepas zombies
  9 ancient zymes
  31 freezing wraiths
  3 spiny frogs (shapeshifter)
  71 yaktaurs
  7 efreet
  A yaktaur (shapeshifter) (D:15)
  36 hellwings
  2 kobold demonologists
  A death yak skeleton (Crypt:1)
  51 ice devils
  33 guardian mummies
  53 tormentors
  2 silent spectres
  66 red devils
  6 catoblepas skeletons (Abyss:4)
  A queen bee (shapeshifter) (D:13)
  A shadow dragon simulacrum (Coc:7)
  42 jumping spiders
  3 anaconda simulacra
  A merfolk (shapeshifter) (Depths:3)
  7 tengu conjurers
  9 trolls
  19 hydra zombies
  15 hydra skeletons
  15 polar bears
  21 hornets
  5 fire dragon zombies
  3 harpy zombies
  A hornet (shapeshifter) (Vaults:3)
  6 tyrant leeches
  The ghost of Kenran the Poker, an amateur BaFi of Gozag (D:4)
  A minotaur zombie (Geh:5)
  A raiju (Abyss:4)
  3 harpy skeletons
  106 slime creatures
  A wind drake (shapeshifter) (Vaults:4)
  19 blink frogs
  10 hippogriffs
  A guardian serpent zombie (Crypt:2)
  8 alligator zombies
  A snapping turtle (shapeshifter) (Vaults:5)
  25 dream sheep
  7 ice dragon zombies
  22 bog bodies
  4 hippogriffs (shapeshifter)
  17 ushabtiu
  121 flying skulls
  26 shadows
  13 vampires
  4 alligator skeletons
  28 tarantellas
  6 ettin skeletons
  64 ynoxinuls
  71 redbacks
  59 yaks
  4 spriggans
  3 black mamba zombies
  3 ice dragon skeletons
  33 wraiths
  4 water elementals
  A wyvern (D:15)
  12 fire dragon skeletons
  3 fire bats (Geh:5)
  A human (shapeshifter) (Vaults:3)
  A dire elephant simulacrum (Coc:2)
  9 ettin zombies
  14 air elementals
  4 basilisks
  2 tarantellas (shapeshifter)
  36 fire elementals
  A golden eye (shapeshifter) (Vaults:2)
  A black mamba skeleton (Crypt:1)
  Grum (D:10)
  11 golden eyes (Slime:5)
  21 vampire mosquitoes
  13 hungry ghosts
  32 neqoxecs
  30 chaos spawn
  82 large abominations
  A torturous demonspawn zombie (Crypt:1)
  3 wargs
  12 swamp worms
  60 hell hounds
  4 insubstantial wisps (Abyss:2)
  5 acid dragons
  5 spatial vortices
  A soldier ant (shapeshifter) (Vaults:4)
  A soldier ant (D:14)
  3 hydra simulacra
  6 porcupines
  19 water moccasins
  8 spiny frog zombies
  3 floating eyes
  27 orc warriors
  A deep troll skeleton (Vaults:3)
  2 slaves (D:7)
  A water nymph skeleton (Crypt:2)
  16 swamp drakes
  5 sky beasts
  11 black bears
  4 phantoms
  A merfolk skeleton (Geh:7)
  6 ice beasts
  2 black bears (shapeshifter)
  4 spiny frog skeletons
  An ettin simulacrum (Vaults:3)
  8 snapping turtle zombies
  4 manticore zombies
  47 ogres
  2 alligator simulacra (Hell)
  13 wolves
  2 eyes of draining (shapeshifter)
  14 boggarts
  2 human skeletons
  6 eyes of draining
  18 necrophages
  25 centaurs
  5 snapping turtle skeletons
  12 crocodiles
  2 manticore skeletons
  2 swamp dragon skeletons
  2 human zombies (Vaults:3)
  5 big kobolds
  A rime drake skeleton (Crypt:2)
  13 bullfrogs
  A wyvern zombie (D:15)
  7 earth elementals (Abyss:4)
  2 spiny frog simulacra
  A troll zombie (Dis:2)
  A wyvern skeleton (D:8)
  4 scorpions
  A water moccasin skeleton (D:8)
  22 killer bees
  A snapping turtle simulacrum (Coc:7)
  51 wights
  3 electric eels
  A vampire bat (Orc:2)
  A howler monkey (D:9)
  3 bullfrog zombies
  14 crimson imps
  3 centaur zombies
  4 human simulacra
  7 jellies
  2 bullfrog skeletons
  A jelly (shapeshifter) (Vaults:2)
  6 quasits
  3 centaur skeletons
  19 orc priests
  3 hounds
  A gnoll shaman (D:8)
  18 iron imps
  An iguana (D:7)
  35 orc wizards
  5 hell rats (Hell)
  11 worker ants
  A porcupine zombie (Crypt:1)
  A naga zombie (Tar:7)
  A dwarf skeleton (Crypt:1)
  A tengu skeleton (Tomb:3)
  2 hound zombies
  An ogre skeleton (Pan)
  A hound skeleton (D:9)
  Robin (D:2)
  A howler monkey zombie (Crypt:2)
  47 mummies
  2 howler monkey skeletons
  7 gnolls
  15 adders
  13 shadow imps
  21 white imps
  4 ufetubi
  9 oozes
  An adder skeleton (D:4)
  3 worms
  2 dart slugs
  5 leopard geckos
  87 orcs
  9 ball pythons
  16 bats
  5 giant cockroaches
  15 goblins
  7 hobgoblins
  10 jackals
  7 quokkas
  4 frilled lizards
  A frilled lizard zombie (Crypt:1)
  16 kobolds
  3 kobold skeletons
  A leopard gecko skeleton (D:8)
  An orc skeleton (Geh:7)
  A quokka zombie (D:7)
  17 rats
  A crawling corpse (Vaults:5)
  5 fire vortices
  2 fungi
  2 lurking horrors
  2 plants
  5 starspawn tentacles
  10 tentacles
  4 withered plants (Crypt:3)
5626 creatures vanquished.

Vanquished Creatures (collateral kills)
  the Lernaean hydra (Swamp:4)
  Roxanne (Spider:3)
  An ettin (Vaults:5)
  A death ooze (Slime:5)
  A centaur warrior (D:13)
  Sonja (D:13)
  A hornet (Spider:3)
  An orc warrior (D:13)
  An earth elemental (Lab)
  4 lava snakes (Lab)
  2 mummies (Tomb:3)
  An orc (D:13)
16 creatures vanquished.

Vanquished Creatures (others)
  Asterion (Spider:3)
  An ancient champion (Tomb:2)
  A storm dragon (Zot:3)
  A revenant (Tomb:2)
  A fire giant (Depths:4)
  A draconian scorcher (Zot:3)
  A blood saint (Pan)
  2 elemental wellsprings
  A vault guard (Vaults:5)
  A monstrous demonspawn (Pan)
  A hydra (Lair:3)
  An alligator (Swamp:4)
  5 death scarabs (Tomb:3)
  A hell hog (Abyss:4)
  A deep troll shaman (Depths:1)
  A sixfirhy (Pan)
  A glowing orange brain (Abyss:1)
  2 wizards
  A necromancer (Vaults:3)
  A large abomination (Pan)
  A wolf spider zombie (D:15)
  3 smoke demons (Pan)
  A tormentor (Pan)
  An efreet (Geh:5)
  A hellwing (Pan)
  An air elemental (Depths:4)
  12 flying skulls (Tomb:3)
  A shadow (Geh:1)
  2 ynoxinuls (Pan)
  An ushabti (Tomb:2)
  A human (shapeshifter) (Abyss:2)
  A fire elemental (Geh:7)
  A water elemental (Elf:3)
  2 chaos spawn
  A sky beast (D:7)
  A necrophage (Geh:5)
  A snapping turtle zombie (Geh:7)
  2 boggarts
  An ogre (Vaults:5)
  A bullfrog (D:7)
  A small abomination (Abyss:5)
  A crimson imp (Hell)
  2 orc wizards
  2 mummies (Tomb:2)
  An adder (D:7)
  6 ball lightnings (Pan)
  3 orcs (D:7)
  21 bushes (Elf:3)
  A fire vortex (Depths:2)
  21 fungi
  4 lurking horrors
  16 plants
  13 starspawn tentacles
  6 tentacles
  27 withered plants (Crypt:3)
187 creatures vanquished.

Grand Total: 5829 creatures vanquished

Notes
Turn   | Place    | Note
-------+----------+-------------------------------------------
     0 | D:1      | graymark the Naga Berserker began the quest for the Orb.
     0 | D:1      | Reached XP level 1. HP: 21/21 MP: 1/1
    91 | D:1      | Reached XP level 2. HP: 24/28 MP: 2/2
   126 | D:1      | Reached skill level 1 in Stealth
   383 | D:1      | Reached XP level 3. HP: 34/34 MP: 3/3
   843 | D:2      | Reached ** piety under Trog
   926 | D:2      | Noticed Robin
   939 | D:2      | Killed Robin
   952 | D:2      | Reached XP level 4. HP: 16/43 MP: 4/4
  1209 | D:2      | Found an opulent altar of Gozag.
  1217 | D:2      | Found a radiant altar of Vehumet.
  1217 | D:2      | Found a basalt altar of Yredelemnul.
  1289 | D:2      | Found a glowing golden altar of the Shining One.
  1866 | D:3      | Reached XP level 5. HP: 48/50 MP: 5/5
  2271 | D:3      | Found a blossoming altar of Fedhas.
  2711 | D:4      | Noticed Kenran's ghost (amateur BaFi)
  2751 | D:4      | Killed Kenran's ghost
  2751 | D:4      | Reached skill level 5 in Fighting
  2751 | D:4      | Reached skill level 5 in Axes
  2751 | D:4      | Reached XP level 6. HP: 48/61 MP: 6/6
  2858 | D:4      | Found a shadowy altar of Dithmenos.
  3113 | D:4      | Gained mutation: You do not regenerate when monsters are visible. [potion of mutation]
  3113 | D:4      | Gained mutation: You are frail. (-10% HP) [potion of mutation]
  3113 | D:4      | Gained mutation: You are partially covered in icy blue scales. (AC +2) [potion of mutation]
  3297 | D:4      | Noticed a phantom
  3384 | D:4      | Killed a phantom
  3384 | D:4      | Reached skill level 5 in Stealth
  3384 | D:4      | Reached XP level 7. HP: 36/60 MP: 7/7
  3554 | D:5      | Entered Level 5 of the Dungeon
  3572 | D:5      | Found a glowing drain.
  3757 | D:5      | Reached *** piety under Trog
  3887 | Sewer    | Entered a sewer
  4145 | Sewer    | Reached XP level 8. HP: 61/68 MP: 8/8
  4935 | D:5      | Reached **** piety under Trog
  5076 | D:5      | Found an iron altar of Okawaru.
  5848 | D:6      | Found a staircase to the Ecumenical Temple.
  6001 | D:6      | Found a white marble altar of Elyvilon.
  6895 | D:7      | Noticed Pikel
  6929 | D:7      | Killed Pikel
  6929 | D:7      | Reached XP level 9. HP: 69/79 MP: 9/9
  7095 | D:7      | Noticed a sixfirhy
  7116 | D:7      | Found a runed door.
  7247 | D:7      | Gained mutation: You expend magic power (3 MP) to strengthen your wands. [mutagenic meat]
  7248 | D:7      | Gained mutation: Your muscles are strong. (Str +2) [mutagenic meat]
  7249 | D:7      | Gained mutation: You are partially covered in slimy green scales. (AC +2) [mutagenic meat]
  7748 | D:7      | Gained mutation: You are resistant to hostile enchantments. (MR+) [mutagenic meat]
  8307 | D:8      | Noticed Maurice
  8325 | D:8      | Killed Maurice
  8576 | D:8      | Reached XP level 10. HP: 69/89 MP: 10/10
  9161 | D:8      | Found a sacrificial altar of Ru.
  9588 | D:8      | Noticed a two-headed ogre
  9598 | D:8      | Killed a two-headed ogre
  9598 | D:8      | Reached skill level 5 in Dodging
  9660 | D:8      | Found a shattered altar of Ashenzari.
  9669 | D:8      | Reached skill level 10 in Axes
  9671 | D:8      | Reached ***** piety under Trog
 10247 | D:9      | Reached skill level 10 in Fighting
 10602 | D:9      | Found a staircase to the Lair.
 11289 | D:9      | Received a gift from Trog
 11525 | D:9      | Reached XP level 11. HP: 58/99 MP: 11/11
 12157 | Lair:1   | Entered Level 1 of the Lair of Beasts
 12212 | Lair:1   | Found a labyrinth entrance.
 12222 | Lab      | Entered a labyrinth
 13062 | Lab      | Noticed a minotaur
 13194 | Lab      | Killed a minotaur
 13199 | Lab      | Got a brightly glowing bone ring
 13204 | Lab      | Identified the ring "Afadesup" {Str+6 Int+4 Dex+4 Stlth+} (You found it in a labyrinth)
 13210 | Lab      | Got an ancient golden amulet
 13214 | Lab      | Identified the amulet of Ciwytog {Faith +Inv rF+ Dex+2} (You found it in a labyrinth)
 13238 | Lab      | Got an encrusted ring mail
 13250 | Lab      | Identified the cursed +1 ring mail of the Journeyman {-Tele rElec rC+} (You found it in a labyrinth)
 13273 | Lab      | Got a steaming shortbow
 13273 | Lab      | Got a transparent short sword
 13275 | Lab      | Identified the cursed +0 short sword "Amufianu" {protect, *Corrode rN++ Dex+5} (You found it in a labyrinth)
 13277 | Lab      | Identified the +8 shortbow "Ofytz" {freeze, Str+4 Dex+3} (You found it in a labyrinth)
 14076 | Lair:1   | Reached skill level 1 in Maces & Flails
 14281 | Lair:1   | Noticed an eight-headed hydra
 14294 | Lair:1   | Killed an eight-headed hydra
 14914 | Lair:1   | Reached skill level 5 in Maces & Flails
 15150 | Lair:1   | Reached XP level 12. HP: 58/108 MP: 12/12
 16418 | Lair:2   | Found a staircase to the Swamp.
 16709 | Lair:3   | Noticed an eight-headed hydra
 16718 | Lair:3   | Noticed a catoblepas
 16720 | Lair:3   | Killed an eight-headed hydra
 16846 | Lair:2   | Killed a catoblepas
 17011 | Lair:2   | Received a gift from Trog
 17425 | Lair:3   | Found a snail-covered altar of Cheibriados.
 17779 | Lair:3   | Found a hole to the Spider Nest.
 18805 | Lair:4   | Lost mutation: You are frail. (-10% HP) [potion of mutation]
 18805 | Lair:4   | Lost mutation: You do not regenerate when monsters are visible. [potion of mutation]
 18805 | Lair:4   | Lost mutation: You are resistant to hostile enchantments. (MR+) [potion of mutation]
 18805 | Lair:4   | Lost mutation: You are partially covered in icy blue scales. (AC +2) [potion of mutation]
 18805 | Lair:4   | Gained mutation: Your body sometimes deteriorates upon taking damage. [potion of mutation]
 18805 | Lair:4   | Gained mutation: You have a pair of small horns on your head. [potion of mutation]
 18805 | Lair:4   | Gained mutation: Your tail ends in a poisonous barb. [potion of mutation]
 19063 | Lair:5   | Found a staircase to the Slime Pits.
 19511 | Lair:5   | Gained mutation: You can use your snake-like lower body to constrict enemies. [Naga growth]
 19511 | Lair:5   | Reached XP level 13. HP: 130/130 MP: 4/13
 19543 | Lair:5   | Reached skill level 10 in Maces & Flails
 20434 | Lair:6   | Entered Level 6 of the Lair of Beasts
 20513 | Lair:6   | Received a gift from Trog
 20676 | Lair:6   | Reached skill level 10 in Dodging
 21226 | Lair:6   | Reached XP level 14. HP: 141/141 MP: 4/14
 22582 | Lair:6   | Got a translucent dire flail
 22587 | Lair:6   | Identified the +7 dire flail of Termination {freeze, rC+} (You found it on level 6 of the Lair of Beasts)
 22845 | D:10     | Entered Level 10 of the Dungeon
 22846 | D:10     | Noticed Grum
 22851 | D:10     | Killed Grum
 22854 | D:10     | Found a staircase to the Orcish Mines.
 22857 | D:10     | Received a gift from Trog
 23277 | D:11     | Found Qizesar's Book Shoppe.
 23361 | Orc:1    | Entered Level 1 of the Orcish Mines
 23382 | Orc:1    | Found a roughly hewn altar of Beogh.
 23712 | Orc:1    | Found a roughly hewn altar of Beogh.
 23782 | Orc:2    | Entered Level 2 of the Orcish Mines
 23833 | Orc:2    | Noticed p0werm0de's ghost (journeyman DsWr)
 23849 | Orc:2    | Killed p0werm0de's ghost
 23956 | Orc:2    | Found a staircase to the Elven Halls.
 23966 | Orc:2    | Noticed Donald
 24075 | Orc:2    | Killed Donald
 24075 | Orc:2    | Reached ****** piety under Trog
 24131 | Orc:2    | Received a gift from Trog
 24561 | Orc:2    | Found a radiant altar of Vehumet.
 24561 | Orc:2    | Noticed Erolcha
 24579 | Orc:2    | Killed Erolcha
 24584 | Orc:2    | Found Uca Lufa's Distillery.
 24586 | Orc:2    | Noticed Nergalle
 24591 | Orc:2    | Killed Nergalle
 24602 | Orc:2    | Found a roughly hewn altar of Beogh.
 24604 | Orc:2    | Found Soabej's Gadget Emporium.
 24628 | Orc:2    | Found Jumo's Antique Weapon Emporium.
 24629 | Orc:2    | Paralysed by an orc sorcerer for 6 turns
 24636 | Orc:2    | Received a gift from Trog
 24657 | Orc:2    | Found an ancient bone altar of Kikubaaqudgha.
 24712 | Orc:2    | Found Iloxabol's Antique Armour Shoppe.
 24893 | Orc:2    | Bought a potion of might for 60 gold pieces
 24893 | Orc:2    | Bought 2 potions of might for 120 gold pieces
 24893 | Orc:2    | Bought a potion of curing for 45 gold pieces
 24893 | Orc:2    | Bought a potion of curing for 45 gold pieces
 24893 | Orc:2    | Bought a potion of might for 60 gold pieces
 24893 | Orc:2    | Bought a potion of curing for 45 gold pieces
 25059 | D:11     | Noticed AnCiEnTStOnEBeAsT's ghost (journeyman HOFi)
 25073 | D:11     | Killed AnCiEnTStOnEBeAsT's ghost
 25073 | D:11     | Reached XP level 15. HP: 152/152 MP: 5/15
 25172 | D:11     | Got a brightly glowing quarterstaff
 25173 | D:11     | Identified the +6 quarterstaff of Misery {freeze, rElec Str+7} (You found it on level 11 of the Dungeon)
 25703 | D:12     | Received a gift from Trog
 25980 | D:12     | Found Tuepouqy's General Store.
 25983 | D:12     | Bought a potion of agility for 56 gold pieces
 25983 | D:12     | Bought a +0 pair of gloves of dexterity for 161 gold pieces
 26032 | D:12     | Reached skill level 5 in Armour
 26297 | D:13     | Found a gate to the Vaults.
 26341 | D:13     | Reached skill level 15 in Fighting
 26616 | D:13     | Received a gift from Trog
 26987 | D:13     | Noticed Sonja
 26995 | D:13     | Killed Sonja
 28307 | D:15     | Entered Level 15 of the Dungeon
 28391 | D:15     | Reached skill level 15 in Axes
 28772 | D:15     | Received a gift from Trog
 28785 | D:15     | Reached XP level 16. HP: 121/163 MP: 5/16
 28941 | D:15     | Found a staircase to the Depths.
 28943 | D:15     | Noticed Azrael
 28978 | D:15     | Killed Azrael
 29971 | Swamp:1  | Entered Level 1 of the Swamp
 30805 | Swamp:2  | Noticed Aizul
 30815 | Swamp:2  | Killed Aizul
 30876 | Swamp:2  | Found a basalt altar of Yredelemnul.
 31022 | Swamp:2  | Received a gift from Trog
 32205 | Swamp:3  | Received a gift from Trog
 32207 | Swamp:3  | Reached XP level 17. HP: 109/172 MP: 5/17
 32688 | Swamp:4  | Entered Level 4 of the Swamp
 33394 | Swamp:4  | Received a gift from Trog
 33577 | Swamp:4  | Received a gift from Trog
 34084 | Swamp:4  | Noticed the 27-headed Lernaean hydra
 34090 | Swamp:4  | Killed the 27-headed Lernaean hydra
 34103 | Swamp:4  | Got a decaying rune of Zot
 34520 | Spider:1 | Entered Level 1 of the Spider Nest
 35362 | Spider:2 | Reached XP level 18. HP: 175/181 MP: 6/18
 35711 | Spider:2 | Received a gift from Trog
 36684 | Spider:2 | Reached skill level 10 in Armour
 37571 | Spider:3 | Received a gift from Trog
 38134 | Spider:3 | Received a gift from Trog
 38141 | Spider:3 | Got an ichor-stained battleaxe {god gift}
 38142 | Spider:3 | Identified the +10 battleaxe "Bimpyemo" {venom, +Inv rC+ Int-4} (Trog gifted it to you on level 3 of the Spider Nest)
 38313 | Spider:3 | Reached skill level 1 in Shields
 38338 | Spider:3 | Noticed Asterion
 38646 | Spider:3 | Killed Asterion
 38821 | Spider:3 | Noticed Roxanne
 38917 | Spider:3 | Killed Roxanne
 38932 | Spider:3 | Identified Roxanne's Compendium of Transmutation (You took it off Roxanne on level 3 of the Spider Nest)
 39609 | Spider:4 | Entered Level 4 of the Spider Nest
 40382 | Spider:4 | Received a gift from Trog
 40621 | Spider:4 | Reached XP level 19. HP: 137/188 MP: 19/19
 41252 | Spider:4 | Reached skill level 5 in Shields
 41473 | Spider:4 | Got a gossamer rune of Zot
 42445 | Vaults:1 | Entered Level 1 of the Vaults
 42465 | Vaults:1 | Received a gift from Trog
 42590 | Vaults:1 | Identified a scroll of acquirement
 43387 | Vaults:1 | Received a gift from Trog
 44282 | Vaults:1 | Reached XP level 20. HP: 149/196 MP: 6/20
 44287 | Vaults:1 | Received a gift from Trog
 45094 | Vaults:2 | Noticed Bai Suzhen
 45107 | Vaults:2 | Killed Bai Suzhen
 45535 | Vaults:2 | Received a gift from Trog
 46178 | Vaults:2 | Noticed Mara
 46179 | Vaults:2 | Noticed Mennas
 46180 | Vaults:2 | Noticed graymark's illusion
 46196 | Vaults:2 | Upgraded the game from 0.21-a0-91-ga5031da to 0.21-a0-94-gdd6ab6a
 46245 | Vaults:2 | Reached skill level 15 in Dodging
 46672 | Vaults:2 | Found a staircase to the Crypt.
 46777 | Vaults:2 | Received a gift from Trog
 47171 | Vaults:2 | Identified the +1 leather armour of the Untouchables {SInv} (You found it on level 2 of the Vaults)
 47550 | Vaults:2 | Reached XP level 21. HP: 205/205 MP: 21/21
 47832 | Vaults:3 | Received a gift from Trog
 47925 | Vaults:3 | Noticed Nikola
 47932 | Vaults:3 | Killed Nikola
 48355 | Vaults:3 | Found a sacrificial altar of Ru.
 48446 | Vaults:3 | Received a gift from Trog
 49108 | Vaults:3 | Identified the +8 plate armour of Activism {Regen+ rCorr Str-4 Int+3} (You found it on level 3 of the Vaults)
 49683 | Vaults:4 | Received a gift from Trog
 50384 | Vaults:4 | Reached XP level 22. HP: 216/216 MP: 7/22
 50409 | Vaults:4 | Received a gift from Trog
 51262 | Vaults:3 | Received a gift from Trog
 51280 | Vaults:3 | Got a warped quarterstaff {god gift}
 51286 | Vaults:3 | Identified the +9 quarterstaff "Amoh" {venom, -Tele rElec SInv} (Trog gifted it to you on level 3 of the Vaults)
 51555 | Elf:1    | Entered Level 1 of the Elven Halls
 51981 | Elf:1    | Found Cerphun's Distillery.
 51998 | Elf:1    | Bought a potion of might for 72 gold pieces
 51998 | Elf:1    | Bought a potion of might for 72 gold pieces
 51998 | Elf:1    | Bought a potion of heal wounds for 90 gold pieces
 52428 | Elf:2    | Found Cetwysergh's Distillery.
 52442 | Elf:2    | Bought a potion of haste for 160 gold pieces
 52442 | Elf:2    | Bought a potion of resistance for 160 gold pieces
 52497 | Elf:2    | Found a runed gate.
 52500 | Elf:2    | Found a runed gate.
 52501 | Elf:2    | Found a runed gate.
 52573 | Elf:2    | Received a gift from Trog
 53316 | Elf:3    | Entered Level 3 of the Elven Halls
 53316 | Elf:3    | Found a deep blue altar of Sif Muna.
 53341 | Elf:3    | Reached skill level 10 in Shields
 53473 | Elf:3    | Received a gift from Trog
 53482 | Elf:3    | Reached skill level 15 in Armour
 53734 | Elf:3    | Reached XP level 23. HP: 170/225 MP: 7/23
 54380 | Elf:3    | Received a gift from Trog
 54612 | Elf:3    | Got an ancient great sword {antimagic}
 54629 | Elf:3    | Identified the +4 great sword "Xovieh" {antimagic, rElec} (You took it off a deep elf sorcerer on level 3 of the Elven Halls)
 55377 | Elf:3    | Got a wavering iron amulet
 55378 | Elf:3    | Identified the amulet of Doors {Spirit Dex+5} (You took it off a deep elf high priest on level 3 of the Elven Halls)
 55496 | Elf:3    | Got a slimy scarf
 55507 | Elf:3    | Identified the scarf of Divine Intervention {Int+9} (You found it on level 3 of the Elven Halls)
 55616 | Elf:3    | Identified the Papyrus of Black Secrets
 55647 | Elf:3    | Identified the Compendium of Intoxication
 56281 | Vaults:2 | Killed Mara
 56368 | Vaults:2 | Killed Mennas
 56368 | Vaults:2 | Reached skill level 10 in Stealth
 56442 | Vaults:5 | Entered Level 5 of the Vaults
 56465 | Vaults:5 | Received a gift from Trog
 56780 | Vaults:5 | Noticed a golden dragon
 56786 | Vaults:5 | Reached XP level 24. HP: 99/236 MP: 7/23
 57023 | Vaults:5 | Received a gift from Trog
 57043 | Vaults:5 | Noticed an ancient lich
 57051 | Vaults:5 | Reached skill level 15 in Stealth
 57427 | Vaults:5 | Noticed an ancient lich
 57437 | Vaults:5 | Killed an ancient lich
 57713 | Vaults:5 | Killed an ancient lich
 57713 | Vaults:5 | Received a gift from Trog
 57758 | Vaults:5 | Received a gift from Trog
 58323 | Vaults:5 | Got a silver rune of Zot
 59042 | Depths:1 | Entered Level 1 of the Depths
 59072 | Depths:1 | Reached XP level 25. HP: 225/243 MP: 7/23
 59103 | Depths:1 | Received a gift from Trog
 59153 | Depths:1 | Received a gift from Trog
 59209 | Depths:1 | Found Kourant's Antique Weapon Emporium.
 59210 | Depths:1 | Found Kegearaemp's Jewellery Shoppe.
 59210 | Depths:1 | Found Sicenote's Antique Armour Emporium.
 59215 | Depths:1 | Found Ixaegumo's Distillery.
 59239 | Depths:1 | Bought a potion of haste for 140 gold pieces
 59239 | Depths:1 | Bought 2 potions of agility for 112 gold pieces
 59242 | Depths:1 | Bought a glowing scarf for 392 gold pieces
 59650 | Depths:1 | Found a one-way gate to the infinite horrors of the Abyss.
 59758 | Depths:1 | Found a runed warning-scrawled door.
 59898 | Depths:1 | Found a gateway to Hell.
 60031 | Depths:1 | Received a gift from Trog
 60063 | Depths:1 | Found a runed door.
 60064 | Depths:1 | Found a runed door.
 60146 | Depths:2 | Noticed Sojobo
 60268 | Depths:2 | Found Yla Neg's General Store.
 60276 | Depths:2 | Bought a scroll of teleportation for 48 gold pieces
 60276 | Depths:2 | Bought a scroll of blinking for 120 gold pieces
 60276 | Depths:2 | Bought a scroll of identify for 32 gold pieces
 60494 | Depths:2 | Killed Sojobo
 60630 | Depths:2 | Received a gift from Trog
 61100 | Depths:3 | Noticed Xtahua
 61117 | Depths:3 | Killed Xtahua
 61189 | Depths:3 | Found a one-way gate leading to the halls of Pandemonium.
 61275 | Depths:3 | Reached XP level 26. HP: 252/252 MP: 7/23
 61401 | Depths:3 | Received a gift from Trog
 61405 | Depths:3 | Got an encrusted broad axe {god gift}
 61407 | Depths:3 | Identified the +12 broad axe "Qotityot" {vamp, *Rage Str+4 Stlth+} (Trog gifted it to you on level 3 of the Depths)
 61539 | Depths:3 | Found a runed gate.
 61539 | Depths:3 | Found a runed gate.
 61539 | Depths:3 | Found a runed gate.
 61638 | Depths:3 | Found a runed gate.
 61638 | Depths:3 | Found a runed gate.
 61638 | Depths:3 | Found a runed gate.
 61714 | Depths:3 | Identified the ring of Zishos {rF+ rN+} (You found it on level 3 of the Depths)
 62149 | Depths:4 | Received a gift from Trog
 62247 | Depths:4 | Received a gift from Trog
 62266 | Depths:4 | Found a bloodstained altar of Trog.
 62295 | Depths:4 | Found a runed door.
 62295 | Depths:4 | Found a runed door.
 62392 | Depths:4 | Identified the amulet "Otitz" {Inacc Str+5 Dex+5 Stlth+} (You found it on level 4 of the Depths)
 62606 | Depths:4 | Noticed a juggernaut
 62616 | Depths:4 | Killed a juggernaut
 62655 | Depths:4 | Received a gift from Trog
 62666 | Depths:4 | Reached XP level 27. HP: 259/259 MP: 23/23
 62995 | Depths:4 | Found a basalt altar of Yredelemnul.
 63003 | Depths:4 | Found a shadowy altar of Dithmenos.
 63009 | Depths:4 | Found a shadowy altar of Dithmenos.
 63009 | Depths:4 | Found a snail-covered altar of Cheibriados.
 63242 | Depths:4 | Noticed a juggernaut
 63255 | Depths:4 | Noticed a juggernaut
 63270 | Depths:4 | Killed a juggernaut
 63275 | Depths:4 | Noticed a juggernaut
 63280 | Depths:4 | Killed a juggernaut
 63284 | Depths:4 | Killed a juggernaut
 63338 | Depths:4 | Received a gift from Trog
 63509 | Depths:4 | Found a runed door.
 63861 | Depths:4 | Received a gift from Trog
 63867 | Depths:4 | Reached skill level 15 in Shields
 63881 | Depths:4 | Got a smoking broad axe {god gift}
 63882 | Depths:4 | Identified the +6 broad axe "Ykkat" {flame, rPois} (Trog gifted it to you on level 4 of the Depths)
 64223 | Depths:5 | Entered Level 5 of the Depths
 64418 | Depths:5 | Reached skill level 1 in Evocations
 64548 | Depths:5 | Received a gift from Trog
 64645 | Depths:5 | Reached skill level 5 in Evocations
 64720 | Depths:5 | Found a gate to the Realm of Zot.
 65042 | Depths:5 | Found a gateway to a ziggurat.
 65153 | Depths:5 | Noticed an ancient lich
 65158 | Depths:5 | Killed an ancient lich
 65158 | Depths:5 | Received a gift from Trog
 65397 | Depths:1 | Reached skill level 10 in Evocations
 65949 | Crypt:1  | Entered Level 1 of the Crypt
 65968 | Crypt:1  | Found a basalt altar of Yredelemnul.
 66103 | Crypt:1  | Received a gift from Trog
 66592 | Crypt:2  | Found a transporter.
 66602 | Crypt:2  | Found a radiant altar of Vehumet.
 66670 | Crypt:2  | Received a gift from Trog
 66676 | Crypt:2  | Got a steaming morningstar {god gift}
 66677 | Crypt:2  | Identified the +6 morningstar of Hospitality {crush, rElec Int+2} (Trog gifted it to you on level 2 of the Crypt)
 66683 | Crypt:2  | Found a transporter.
 66765 | Crypt:2  | Got a spiked hat
 66766 | Crypt:2  | Identified the +1 hat of Prudence {rElec rC- Int-4 Stlth+} (You found it on level 2 of the Crypt)
 67493 | Crypt:3  | Entered Level 3 of the Crypt
 67603 | Crypt:3  | Received a gift from Trog
 68218 | Crypt:3  | Found an ancient bone altar of Kikubaaqudgha.
 68222 | Crypt:3  | Noticed an ancient lich
 68232 | Crypt:3  | Killed an ancient lich
 68234 | Crypt:3  | Received a gift from Trog
 68247 | Crypt:3  | Noticed an ancient lich
 68255 | Crypt:3  | Killed an ancient lich
 68377 | Crypt:3  | Got a blackened fustibalus
 68378 | Crypt:3  | Identified the +8 fustibalus of the Ghost {speed, *Corrode rN++ Dex+2 SInv} (You found it on level 3 of the Crypt)
 68775 | Crypt:3  | Found a staircase to the Tomb.
 69373 | Vaults:2 | Received a gift from Trog
 69635 | Slime:1  | Entered Level 1 of the Pits of Slime
 69777 | Slime:1  | Gained mutation: You have sharp fingernails. [a shining eye]
 70130 | Slime:4  | Gained mutation: You are clumsy. (Dex -2) [a shining eye]
 70140 | Slime:5  | Entered Level 5 of the Pits of Slime
 70321 | Slime:5  | Noticed the Royal Jelly
 70338 | Slime:5  | Killed the Royal Jelly
 70449 | Slime:5  | Received a gift from Trog
 70778 | Slime:5  | Gained mutation: Your body often deteriorates upon taking damage. [a shining eye]
 70779 | Slime:5  | Gained mutation: You are very clumsy. (Dex -4) [a shining eye]
 70918 | Slime:5  | Got a brightly glowing morningstar
 70919 | Slime:5  | Identified the +10 morningstar of Moral Flaws {crush, rF+ rN+} (You found it on level 5 of the Pits of Slime)
 70977 | Slime:5  | Got a slimy rune of Zot
 70979 | Slime:5  | Got a shimmering plate armour
 70990 | Slime:5  | Identified the +10 plate armour "Vochol" {rCorr Str+3} (You found it on level 5 of the Pits of Slime)
 71489 | Depths:1 | Voluntarily entered the Abyss.
 71848 | Abyss:2  | Found a corrupted altar of Lugonu.
 71943 | Abyss:2  | Received a gift from Trog
 72306 | Abyss:5  | Entered Level 5 of the Abyss
 72451 | Abyss:5  | Received a gift from Trog
 72662 | Depths:1 | Escaped the Abyss
 72940 | Depths:1 | Voluntarily entered the Abyss.
 73301 | Abyss:2  | Received a gift from Trog
 73301 | Abyss:2  | Paralysed by accursed screaming for 1 turns
 73625 | Abyss:4  | Found a corrupted altar of Lugonu.
 73821 | Abyss:4  | Received a gift from Trog
 73887 | Abyss:4  | Got an abyssal rune of Zot
 73904 | Abyss:5  | Entered Level 5 of the Abyss
 74017 | Depths:1 | Escaped the Abyss
 74110 | Hell     | Entered the Vestibule of Hell
 74110 | Hell     | Noticed Geryon
 74174 | Hell     | Killed Geryon
 74193 | Hell     | Noticed Murray
 74213 | Depths:1 | Killed Murray
 74491 | Hell     | Received a gift from Trog
 74552 | Hell     | Found a gateway to the ashen valley of Gehenna.
 74651 | Hell     | Found a gateway to the Iron City of Dis.
 74659 | Hell     | Received a gift from Trog
 74738 | Hell     | Found a gateway to the freezing wastes of Cocytus.
 74827 | Hell     | Found a gateway to the decaying netherworld of Tartarus.
 75014 | Geh:1    | Entered Level 1 of Gehenna
 75539 | Geh:2    | Received a gift from Trog
 75743 | Geh:4    | You fall through a shaft!
 76066 | Geh:6    | Received a gift from Trog
 76436 | Pan      | Entered Pandemonium
 77139 | Pan      | Noticed Puurazu Sost the pandemonium lord
 77146 | Pan      | Killed Puurazu Sost the pandemonium lord
 77146 | Pan      | Received a gift from Trog
 77286 | Pan      | Found an exit through the horrors of the Abyss.
 77349 | Pan      | Noticed Osessuos the pandemonium lord
 77370 | Pan      | Killed Osessuos the pandemonium lord
 77723 | Pan      | Found a runed door.
 77737 | Pan      | Received a gift from Trog
 78190 | Pan      | Noticed Kuri the pandemonium lord
 78197 | Pan      | Killed Kuri the pandemonium lord
 78260 | Depths:3 | Escaped Pandemonium
 78671 | D:2      | Fell from the grace of Trog
 78671 | D:2      | Became a worshipper of the Shining One
 79032 | Pan      | Entered Pandemonium
 79084 | Pan      | Reached * piety under the Shining One
 79101 | Pan      | HP: 13/277 [gelid blood saint/fireball (7)]
 79101 | Pan      | HP: 2/277 [gelid blood saint/ghostly fireball (11)]
 79386 | Pan      | Reached ** piety under the Shining One
 79612 | Pan      | Reached skill level 1 in Invocations
 79613 | Pan      | Reached *** piety under the Shining One
 80040 | Pan      | Found an exit through the horrors of the Abyss.
 80061 | Pan      | Identified the +0 helmet of Muilegan {+Inv rN+ Dex+6 Stlth+} (You found it in Pandemonium)
 80084 | Pan      | Reached **** piety under the Shining One
 80133 | Pan      | Noticed Isikke the pandemonium lord
 80143 | Pan      | Reached ***** piety under the Shining One
 80150 | Pan      | Killed Isikke the pandemonium lord
 80160 | Pan      | Reached skill level 5 in Invocations
 80590 | Pan      | Found an exit through the horrors of the Abyss.
 80660 | Pan      | Reached ****** piety under the Shining One
 80805 | Pan      | Identified a +9 broad axe of holy wrath (a +7 antimagic broad axe blessed by the Shining One)
 80805 | Pan      | Received a gift from the Shining One
 81397 | Pan      | Reached skill level 10 in Invocations
 81790 | Pan      | Noticed Weps the pandemonium lord
 81802 | Pan      | Killed Weps the pandemonium lord
 82122 | Pan      | Found an exit through the horrors of the Abyss.
 82358 | Pan      | Noticed Iskuokhoen the pandemonium lord
 82383 | Pan      | Killed Iskuokhoen the pandemonium lord
 83972 | Pan      | Got a demonic rune of Zot
 84360 | Pan      | Reached skill level 15 in Invocations
 84582 | Pan      | Entered the realm of Cerebov.
 84618 | Pan      | Found an exit through the horrors of the Abyss.
 84940 | Pan      | Identified the Incunabulum of the Mutagenic Frostbite
 85259 | Pan      | Got a transparent crystal amulet
 85260 | Pan      | Identified the amulet of Zin's Castigation {+Rage +Inv rC+ Str-5 Slay+3} (You found it in Pandemonium)
 85341 | Pan      | Got a pitted ivory ring
 85342 | Pan      | Identified the ring of Bihyblug {rF+ rC++ Str+7 Dex-3} (You found it in Pandemonium)
 85490 | Pan      | Noticed Cerebov
 85825 | Pan      | Killed Cerebov
 85839 | Pan      | Got a fiery rune of Zot
 86124 | Pan      | Found an exit through the horrors of the Abyss.
 86152 | Pan      | Noticed Ocloowo the pandemonium lord
 86166 | Pan      | Killed Ocloowo the pandemonium lord
 86330 | Pan      | Noticed Anuiriaqe the pandemonium lord
 86342 | Pan      | Killed Anuiriaqe the pandemonium lord
 86519 | Pan      | Found an exit through the horrors of the Abyss.
 86735 | Pan      | Noticed Qol Tyu the pandemonium lord
 86741 | Pan      | Killed Qol Tyu the pandemonium lord
 87077 | Pan      | Found a runed door.
 87114 | Pan      | Found a runed door.
 87115 | Pan      | Found a runed door.
 87117 | Pan      | Noticed Xoafusch the pandemonium lord
 87123 | Pan      | Gained mutation: You can exhale a cloud of poison. [a cacodemon]
 87131 | Pan      | Killed Xoafusch the pandemonium lord
 87141 | Pan      | Found a runed door.
 87146 | Depths:3 | Escaped Pandemonium
 87148 | Pan      | Entered Pandemonium
 87171 | Pan      | Found an exit through the horrors of the Abyss.
 87182 | Pan      | Got a clouded steel ring
 87183 | Pan      | Identified the ring of the Secret Nights {Ice *Drain rN+ Int+4} (You found it in Pandemonium)
 87602 | Pan      | Found an exit through the horrors of the Abyss.
 87891 | Pan      | Entered the realm of Gloorx Vloq.
 88496 | Pan      | Noticed Gloorx Vloq
 88506 | Pan      | Killed Gloorx Vloq
 88527 | Pan      | Got a dark rune of Zot
 88851 | Pan      | Entered the realm of Lom Lobon.
 88899 | Pan      | Was forgiven by Trog
 89049 | Pan      | Found an exit through the horrors of the Abyss.
 89567 | Pan      | Noticed Lom Lobon
 89607 | Pan      | Killed Lom Lobon
 89645 | Pan      | Got a magical rune of Zot
 89829 | Pan      | Found an exit through the horrors of the Abyss.
 89864 | Pan      | Entered the realm of Mnoleg.
 89889 | Pan      | Gained mutation: You are dopey. (Int -2) [a neqoxec]
 89959 | Pan      | Found an exit through the horrors of the Abyss.
 89973 | Pan      | Gained mutation: Potions are less effective at restoring your health. [a cacodemon]
 90006 | Pan      | Gained mutation: You are occasionally teleported next to monsters. [a cacodemon]
 90008 | Pan      | Gained mutation: Your magical capacity is low. (-10% MP) [a cacodemon]
 90044 | Pan      | Paralysed by a floating eye for 2 turns
 90049 | Pan      | Paralysed by a floating eye for 2 turns
 90061 | Pan      | Noticed Mnoleg
 90075 | Pan      | Killed Mnoleg
 90101 | Pan      | Lost mutation: You can exhale a cloud of poison. [a neqoxec]
 90107 | Pan      | Lost mutation: Your tail ends in a poisonous barb. [potion of mutation]
 90107 | Pan      | Lost mutation: Your magical capacity is low. (-10% MP) [potion of mutation]
 90107 | Pan      | Lost mutation: You have sharp fingernails. [potion of mutation]
 90107 | Pan      | Lost mutation: You are dopey. (Int -2) [potion of mutation]
 90107 | Pan      | Gained mutation: You are resistant to electric shocks. (rElec) [potion of mutation]
 90108 | Pan      | Lost mutation: Your body often deteriorates upon taking damage. [potion of mutation]
 90108 | Pan      | Lost mutation: Your body sometimes deteriorates upon taking damage. [potion of mutation]
 90108 | Pan      | Lost mutation: You have a pair of small horns on your head. [potion of mutation]
 90108 | Pan      | Lost mutation: You are very clumsy. (Dex -4) [potion of mutation]
 90108 | Pan      | Lost mutation: Your muscles are strong. (Str +2) [potion of mutation]
 90108 | Pan      | Lost mutation: You expend magic power (3 MP) to strengthen your wands. [potion of mutation]
 90108 | Pan      | Gained mutation: You passively map a small area around you. [potion of mutation]
 90128 | Pan      | Gained mutation: Potions are poor at restoring your health. [a neqoxec]
 90133 | Pan      | Gained mutation: You expend magic power (3 MP) to strengthen your wands. [a shining eye]
 90135 | Pan      | Gained mutation: You can exhale a cloud of poison. [a shining eye]
 90252 | Pan      | Got a glowing rune of Zot
 90362 | Pan      | Gained mutation: You are very clumsy. (Dex -4) [a neqoxec]
 90691 | Pan      | Gained mutation: You are weak. (Str -2) [a cacodemon]
 90787 | Pan      | Gained mutation: You are very weak. (Str -4) [a neqoxec]
 90788 | Pan      | Gained mutation: Your body sometimes deteriorates upon taking damage. [a neqoxec]
 90881 | Pan      | Lost mutation: You are very weak. (Str -4) [a cacodemon]
 91104 | Pan      | Found an exit through the horrors of the Abyss.
 91127 | Pan      | Took an exit into the Abyss.
 91127 | Abyss:1  | Escaped into the Abyss
 91165 | Depths:3 | Escaped the Abyss
 91209 | Depths:2 | Lost mutation: You are weak. (Str -2) [potion of mutation]
 91209 | Depths:2 | Lost mutation: You passively map a small area around you. [potion of mutation]
 91209 | Depths:2 | Lost mutation: You expend magic power (3 MP) to strengthen your wands. [potion of mutation]
 91209 | Depths:2 | Lost mutation: You can exhale a cloud of poison. [potion of mutation]
 91209 | Depths:2 | Gained mutation: Your body often deteriorates upon taking damage. [potion of mutation]
 91209 | Depths:2 | Gained mutation: You are partially covered in iridescent scales. (AC +2) [potion of mutation]
 91251 | Depths:1 | Bought a potion of mutation for 112 gold pieces
 91251 | Depths:1 | Bought a potion of mutation for 112 gold pieces
 91251 | Depths:1 | Lost mutation: Potions are poor at restoring your health. [potion of mutation]
 91251 | Depths:1 | Lost mutation: You are resistant to electric shocks. (rElec) [potion of mutation]
 91251 | Depths:1 | Lost mutation: Potions are less effective at restoring your health. [potion of mutation]
 91251 | Depths:1 | Lost mutation: You are partially covered in slimy green scales. (AC +2) [potion of mutation]
 91251 | Depths:1 | Gained mutation: You possess an exceptional clarity of mind. [potion of mutation]
 91251 | Depths:1 | Gained mutation: You can translocate small distances at will. [potion of mutation]
 91252 | Depths:1 | Lost mutation: You are partially covered in iridescent scales. (AC +2) [potion of mutation]
 91252 | Depths:1 | Lost mutation: Your body often deteriorates upon taking damage. [potion of mutation]
 91252 | Depths:1 | Lost mutation: Your body sometimes deteriorates upon taking damage. [potion of mutation]
 91252 | Depths:1 | Gained mutation: You are frail. (-10% HP) [potion of mutation]
 91252 | Depths:1 | Lost mutation: You can translocate small distances at will. [potion of mutation]
 91252 | Depths:1 | Gained mutation: You are resistant to electric shocks. (rElec) [potion of mutation]
 91395 | D:10     | Lost mutation: You are very clumsy. (Dex -4) [potion of mutation]
 91395 | D:10     | Lost mutation: You possess an exceptional clarity of mind. [potion of mutation]
 91395 | D:10     | Lost mutation: You are clumsy. (Dex -2) [potion of mutation]
 91395 | D:10     | Lost mutation: You are occasionally teleported next to monsters. [potion of mutation]
 91395 | D:10     | Gained mutation: You are partially covered in yellow scales. (AC +2) [potion of mutation]
 91395 | D:10     | Gained mutation: You have a somewhat thin skeletal structure. (Dex +2, Stealth) [potion of mutation]
 91534 | Depths:1 | Reached skill level 27 in Invocations
 92367 | Geh:4    | Gained mutation: Your spells are a little easier to cast, but a little less powerful. [mutagenic glow]
 92776 | Geh:7    | Entered Level 7 of Gehenna
 93215 | Geh:7    | Noticed the Serpent of Hell
 93234 | Geh:7    | Killed the Serpent of Hell
 93666 | Geh:7    | Noticed Asmodeus
 93682 | Geh:7    | Killed Asmodeus
 93692 | Geh:7    | Got an obsidian rune of Zot
 93999 | Tar:1    | Entered Level 1 of Tartarus
 94387 | Tar:4    | You fall through a shaft for 2 floors!
 94566 | Tar:7    | Entered Level 7 of Tartarus
 94718 | Tar:7    | Noticed an ancient lich
 94728 | Tar:7    | Killed an ancient lich
 94896 | Tar:7    | Reached skill level 27 in Fighting
 94918 | Tar:7    | Noticed Ereshkigal
 94969 | Tar:7    | Killed Ereshkigal
 95046 | Tar:7    | Got a clouded diamond amulet
 95047 | Tar:7    | Identified the amulet of Secrets {rElec Regen+ Str+3 Dex+2 Slay-4} (You found it on level 7 of Tartarus)
 95220 | Tar:7    | Got a bone rune of Zot
 95354 | Dis:1    | Entered Level 1 of the Iron City of Dis
 95753 | Dis:4    | Gained mutation: Your magical capacity is low. (-10% MP) [mutagenic glow]
 95792 | Dis:4    | Gained mutation: Your magical capacity is very low. (-20% MP) [mutagenic glow]
 95990 | Dis:7    | Entered Level 7 of the Iron City of Dis
 96251 | Dis:7    | Gained mutation: Your spells are easier to cast, but less powerful. [a cacodemon]
 96298 | Dis:7    | Gained mutation: You are clumsy. (Dex -2) [a cacodemon]
 96299 | Dis:7    | Gained mutation: Potions are less effective at restoring your health. [a cacodemon]
 97513 | Dis:7    | Noticed Dispater
 97531 | Dis:7    | Killed Dispater
 97951 | Dis:7    | Lost mutation: Your magical capacity is very low. (-20% MP) [potion of mutation]
 97951 | Dis:7    | Lost mutation: Potions are less effective at restoring your health. [potion of mutation]
 97951 | Dis:7    | Lost mutation: You are clumsy. (Dex -2) [potion of mutation]
 97951 | Dis:7    | Lost mutation: You are frail. (-10% HP) [potion of mutation]
 97951 | Dis:7    | Lost mutation: Your spells are easier to cast, but less powerful. [potion of mutation]
 97951 | Dis:7    | Gained mutation: You have a pair of small horns on your head. [potion of mutation]
 98022 | Dis:7    | Got an iron rune of Zot
 98244 | Coc:1    | Entered Level 1 of Cocytus
 99214 | Coc:7    | Entered Level 7 of Cocytus
 99483 | Coc:7    | Reached skill level 27 in Dodging
100301 | Coc:7    | Noticed Antaeus
100352 | Coc:7    | Killed Antaeus
100358 | Coc:7    | Got a slimy pewter ring
100359 | Coc:7    | Identified the ring "Yxtem" {+Inv rN+ Dex+3 Stlth+} (You found it on level 7 of Cocytus)
100362 | Coc:7    | Got an icy rune of Zot
101141 | Tomb:1   | Entered Level 1 of the Tomb of the Ancients
101506 | Tomb:2   | Noticed an ancient lich
101506 | Tomb:2   | Noticed a greater mummy
101511 | Tomb:2   | Noticed a greater mummy
101511 | Tomb:2   | Noticed a greater mummy
101517 | Tomb:2   | Killed a greater mummy
101517 | Tomb:2   | Killed an ancient lich
101522 | Tomb:2   | Killed a greater mummy
101523 | Tomb:2   | Killed a greater mummy
102030 | Tomb:1   | Noticed a greater mummy
102036 | Tomb:1   | Noticed a greater mummy
102039 | Tomb:1   | Killed a greater mummy
102044 | Tomb:1   | Killed a greater mummy
102047 | Tomb:1   | Noticed a greater mummy
102053 | Tomb:1   | Killed a greater mummy
102063 | Tomb:1   | Noticed a greater mummy
102065 | Tomb:1   | Noticed a greater mummy
102080 | Tomb:1   | Killed a greater mummy
102087 | Tomb:1   | Killed a greater mummy
102458 | Tomb:1   | Noticed a greater mummy
102463 | Tomb:1   | Noticed a greater mummy
102468 | Tomb:1   | Noticed a greater mummy
102468 | Tomb:1   | Killed a greater mummy
102473 | Tomb:1   | Noticed a greater mummy
102483 | Tomb:1   | Killed a greater mummy
103555 | Tomb:1   | Killed a greater mummy
103565 | Tomb:1   | Killed a greater mummy
103830 | Tomb:1   | Noticed a greater mummy
103839 | Tomb:1   | Killed a greater mummy
103846 | Tomb:1   | Noticed a greater mummy
103857 | Tomb:1   | Killed a greater mummy
104167 | Tomb:1   | Noticed a greater mummy
104168 | Tomb:1   | Noticed a greater mummy
104170 | Tomb:1   | Noticed a greater mummy
104175 | Tomb:1   | Killed a greater mummy
104175 | Tomb:1   | Killed a greater mummy
104176 | Tomb:1   | Killed a greater mummy
104183 | Tomb:1   | Noticed a greater mummy
104184 | Tomb:1   | Noticed a greater mummy
104185 | Tomb:1   | Noticed a greater mummy
104189 | Tomb:1   | Killed a greater mummy
104189 | Tomb:1   | Killed a greater mummy
104189 | Tomb:1   | Reached skill level 15 in Evocations
104191 | Tomb:1   | Killed a greater mummy
104521 | Tomb:1   | Noticed a greater mummy
104531 | Tomb:1   | Killed a greater mummy
105087 | Tomb:3   | Entered Level 3 of the Tomb of the Ancients
105146 | Tomb:3   | Noticed a greater mummy
105149 | Tomb:3   | Noticed a greater mummy
105151 | Tomb:3   | Noticed an ancient lich
105154 | Tomb:3   | Killed an ancient lich
105155 | Tomb:3   | Killed a greater mummy
105156 | Tomb:3   | Noticed a greater mummy
105158 | Tomb:3   | Killed a greater mummy
105159 | Tomb:3   | Noticed a greater mummy
105162 | Tomb:3   | Killed a greater mummy
105164 | Tomb:3   | Killed a greater mummy
105165 | Tomb:3   | Noticed a greater mummy
105171 | Tomb:3   | Killed a greater mummy
105249 | Tomb:3   | Identified the +1 plate armour of the First Snow {rC+} (You found it on level 3 of the Tomb of the Ancients)
105251 | Tomb:3   | Identified the +2 pair of gloves of Negation {rElec} (You found it on level 3 of the Tomb of the Ancients)
105290 | Tomb:3   | Identified the ring of Iveffik {+Fly rF+} (You found it on level 3 of the Tomb of the Ancients)
105316 | Tomb:3   | Identified the Grimoire of Vitriolic Flames
105319 | Tomb:3   | Identified Leg Fak's Disquisition on Creative Snow
105342 | Tomb:3   | Identified Cyruorch's Collected Works on Venomous Orientation
105347 | Tomb:3   | Learned a level 2 spell: Blink
105796 | Tomb:3   | Noticed a greater mummy
105797 | Tomb:3   | Noticed a greater mummy
105805 | Tomb:3   | Killed a greater mummy
105809 | Tomb:3   | Killed a greater mummy
105822 | Tomb:3   | Got a golden rune of Zot
106069 | Tomb:3   | Noticed a greater mummy
106080 | Tomb:3   | Killed a greater mummy
106789 | Zot:1    | Entered Level 1 of the Realm of Zot
107082 | Zot:2    | Got a pitted naga barding
107083 | Zot:2    | Identified the +1 naga barding of Teset {rC++ Int-4 Dex+2} (You acquired it on level 2 of the Realm of Zot)
108034 | Zot:5    | Entered Level 5 of the Realm of Zot
108444 | Zot:5    | Noticed an ancient lich
108445 | Zot:5    | Noticed an orb of fire
108461 | Zot:5    | Killed an orb of fire
108463 | Zot:5    | Killed an ancient lich
108570 | Zot:5    | Noticed an ancient lich
108581 | Zot:5    | Killed an ancient lich
108754 | Zot:5    | Noticed an orb of fire
108760 | Zot:5    | Killed an orb of fire
108771 | Zot:5    | Noticed an ancient lich
108797 | Zot:5    | Killed an ancient lich
108834 | Zot:5    | Noticed an orb of fire
108867 | Zot:5    | Killed an orb of fire
109034 | Zot:5    | Noticed an orb of fire
109034 | Zot:5    | Gained mutation: Your tail ends in a poisonous barb. [an orb of fire]
109036 | Zot:5    | Gained mutation: You are weak. (Str -2) [an orb of fire]
109048 | Zot:5    | Killed an orb of fire
109127 | Zot:5    | Noticed an orb of fire
109130 | Zot:5    | Gained mutation: You occasionally shout uncontrollably at your foes. [an orb of fire]
109131 | Zot:5    | Gained mutation: You do not regenerate when monsters are visible. [an orb of fire]
109133 | Zot:5    | Gained mutation: You are very weak. (Str -4) [an orb of fire]
109146 | Zot:5    | Killed an orb of fire
109313 | Zot:5    | Got the Orb of Zot
109314 | Zot:5    | Noticed an ancient lich
109321 | Zot:5    | Killed an ancient lich
109615 | Zot:2    | Gained mutation: You are occasionally teleported next to monsters. [a neqoxec]
109744 | Depths:4 | Noticed Puperak the pandemonium lord
109757 | Depths:4 | Killed Puperak the pandemonium lord
109910 | D:15     | Noticed a seraph
109934 | D:15     | Killed a seraph
109973 | D:15     | Noticed Tamasmah the pandemonium lord
109973 | D:15     | Noticed an ancient lich
110337 | D:$      | Escaped with the Orb!

Vault maps used:
D:1:      enne_arrival_octagon_isle, minmay_rat_gold_closets
D:2:      old_standard_altar, gammafunk_temple_overflow_forgotten,
          minmay_misc_feat_doors, kennysheep_potato, uniq_robin
D:3:      marbit_many_paths
D:4:      overflow_temple_1_default
D:5:      minmay_diamond_boxcup, okawaru_metal_pillars_1_2, first_bread,
          cheibrodos_sewer_entry_drain
D:6:      elyvilon_altar_4, minmay_temple_entry_oklob
D:7:      cheibrodos_shockbox, kennysheep_generic_room_15, uniq_pikel
D:8:      nicolae_overflow_crystal_walls, kennysheep_mini, uniq_maurice
D:9:      lair_entry_dummy
D:10:     uniq_grum
D:11:     serial_shops, shop
D:12:     serial_shops, nicolae_shop_behind_doors, billiards_dpeg
D:13:     david_vaults_5, uniq_sonja, uniq_erolcha
D:14:     fountainhead, hangedman_pestilent_swarm
D:15:     hangedman_depths_entry_civil_slaughter, minmay_misc_feat_alley,
          minmay_statues_item, st_stairs_12, minmay_misc_feat_pillars,
          minmay_misc_feat_x, uniq_azrael
Lair:1:   lab_entry_generic
Lair:2:   swamp_mist
Lair:3:   spider_nest_entry_funnel_web, kennysheep_snail_temple,
          infiniplex_staircase_pool, lemuel_fruit_tree,
          minmay_lair_oklob_chamber
Lair:4:   grunt_megastairs_5
Lair:5:   nicolae_slime_entry_slimehenge
Lair:6:   evilmike_catoblepas_cave
Swamp:1:  evilmike_swamp_ruin_rubble_1
Swamp:2:  basic_altar, uniq_aizul
Swamp:3:  nicolae_swamp_stair_fork
Swamp:4:  grunt_swamp_rune_castle, swamp_pool1
Spider:3: spiders_nest_hornet_nest, uniq_roxanne, uniq_asterion
Spider:4: grunt_spider_rune_circles
Slime:1:  cheibrodos_slime_lost_civilization_6
Slime:3:  cheibrodos_slime_lost_civilization_9, basic_altar
Orc:1:    hangedman_feature_mirror
Orc:2:    kennysheep_orc_mage_school, roderic_batcave, uniq_donald
Elf:1:    eino_elf_arrival_sip, serial_shops, shop, evilmike_minifort,
          serial_sigils_hangedman_snap
Elf:2:    serial_shops, shop_statue, wad_floor_pattern_untrapped
Elf:3:    minmay_elf_hall_furrowed, basic_altar, spider_trap,
          roderic_lattice_octagonal_star
Vaults:1: vaults_mumra_minichess_inversion, vaults_dpeg_cross,
          nicolae_vaults_rhombus_6, v_pattern_1, hangedman_vaults_trim,
          nicolae_vaults_little_squares_2, grunt_vaults_focal,
          nicolae_vaults_little_squares_4, v_misc_19
Vaults:2: nicolae_vaults_twisting_passages, vaults_room_large_hall,
          minmay_crypt_entry_simple_walls, nicolae_vaults_shelves_hall,
          v_misc_14, ontoclasm_vaults_chip, nicolae_vaults_network_star,
          nicolae_vaults_windows_and_doors_thing, nicolae_vaults_three_branches,
          nicolae_vaults_alarming, vaults_room_semicircle, uniq_bai_suzhen,
          uniq_mennas, uniq_mara
Vaults:3: hangedman_vaults_pinch, v_alt_pattern_2, hangedman_vaults_stagger,
          ontoclasm_vaults_misaligned, vaults_standard_mumra_x,
          nicolae_vaults_arrows, ontoclasm_vaults_spin, vaults_dpeg_ring,
          hangedman_vaults_stretched_pinwheel, basic_altar, uniq_nikola
Vaults:4: nicolae_vaults_yaktaur_gun_rack, ontoclasm_vaults_pinch,
          nicolae_vaults_network_quinsquares, v_misc_28, v_rooms_4,
          nicolae_vaults_little_ls, v_misc_33, v_misc_15,
          ontoclasm_vaults_misaligned, ontoclasm_vaults_chip
Crypt:1:  weyrava_vampire_temple
Crypt:2:  gammafunk_sealed_library
Crypt:3:  quadcrypt_mu
Depths:1: grunt_hell_entry_dis_old, abyss_entry_crystal,
          kennysheep_small_spiral, mikee_hates_you,
          infiniplex_staircase_pool_lava, minmay_shoptagon
Depths:2: minmay_box_of_statues, infiniplex_staircase_spiral, hell_entry,
          minmay_shop_star, uniq_sojobo
Depths:3: kennysheep_treasure_stockpile, dk_noncrumbling_2,
          rand_demon_pan_entry_5, hell_entry, uniq_xtahua
Depths:4: minmay_the_grid_ultimate, abyss_entry, hell_entry
Depths:5: grunt_runaround, hell_entry
Dis:2:    nrook_loot_triangle, hangedman_player_shredder
Dis:4:    hangedman_iron_city_apartments
Dis:5:    grunt_megastairs_4
Dis:7:    dis_st
Geh:1:    nicolae_geh_sunburst
Geh:2:    grunt_megastairs_1, lemuel_elevator
Geh:5:    hangedman_elemental_grid_stream, grunt_megastairs_2
Geh:6:    hangedman_generic_boss_arena
Geh:7:    geh_grunt_pentagon
Coc:7:    coc_grunt_cove
Tar:2:    nicolae_tar_cuneiform_oil, grunt_megastairs_3
Tar:7:    tar_grunt_cathedral
Zot:2:    lemuel_firehouse
Zot:3:    kennysheep_room_grid, nrook_zot_tub
Abyss:3:  evilmike_abyss_exit_kraken, evilmike_abyss_rune_elephants_shrine,
          evilmike_abyss_exit_smiterflies, hangedman_abyss_theft,
          dshaligram_kb_abyss_rune_zappy_water_cross
Abyss:4:  evilmike_abyss_rune_siren_acolytes, due_exit_kobolds,
          evilmike_abyss_exit_5, hangedman_abyss_rune_flesh_and_stone
Abyss:5:  evilmike_abyss_exit_9, lemuel_flamethrower_3,
          nicolae_abyss_rune_left_handed, evilmike_abyss_exit_5, minivault_22,
          gammafunk_abyss_exit_x_factor, minivault_1, patterned_corridor
Pan:      nicolae_pan_giant_door, nicolae_pan_cerebovesque_3,
          regret_index_pan_draining_boxed, grunt_pan_spiral, rand_demon_2,
          evilmike_mini_pan_corner, nicolae_pan_mnolegish_5, rand_demon_9,
          grunt_pan_spiral, evilmike_mini_pan_possible_glass,
          nicolae_pan_mnolegish_3, pan_surprise, rand_demon_5,
          lemuel_hall_of_pain, pan_blood_fountain_2, rand_demon_2,
          pan_blood_fountain_2, pan_blood_fountain_small, cerebov,
          pan_blood_fountain_small, nicolae_pan_door_chamber,
          pan_blood_fountain, grunt_pan_in_and_out, grunt_pan_sceptre,
          nicolae_pan_giant_door, nicolae_pan_cerebovesque_3,
          evilmike_mini_pan_pillars_b, rand_demon_2, grunt_pan_sceptre,
          rand_demon_3, pan_blood_fountain_small, evilmike_mini_pan_thingy,
          grunt_pan_in_and_out, pan_blood_fountain_2, nicolae_pan_door_chamber,
          evilmike_mini_pan_possible_glass, rand_demon_7, grunt_pan_frozen_over,
          pan_blood_fountain, evilmike_mini_pan_3x3, rand_demon_2,
          pan_blood_fountain_small, pan_blood_fountain, nicolae_pan_mnolegish_3,
          evilmike_mini_pan_pillars, special_room, rand_demon_4,
          reaverb_pan_figure_eight, gloorx_vloq, lom_lobon_st,
          nicolae_pan_cerebovesque_4, evilmike_mini_pan_doors_b,
          pan_captured_pigsty, mnoleg_grunt_wretched_star, pan_blood_fountain,
          grunt_pan_in_and_out, pan_blood_fountain
Lab:      nicolae_lab_checkerboard, nicolae_lab_starburst, labyrinth_lava_lair,
          lab_block
Sewer:    sewer_co_tree

Skill      XL: |  1  2  3  4  5  6  7  8  9 10 11 12 13 14 15 16 17 18 19 20 21 22 23 24 25 26 27 |
---------------+----------------------------------------------------------------------------------+-----
Stealth        | 2 3 4 5 6 7 14 20 | 20.0
Axes           | 4 5 6 8 9 10 11 12 13 15 16 18 22 | 22.6
Fighting       | 4 5 6 8 9 10 11 12 13 14 15 16 17 27 | 27.0
Dodging        | 2 3 5 7 9 10 11 12 14 15 16 17 27 | 27.0
Maces & Flails | 5 9 12 | 12.7
Armour         | 4 6 8 9 10 12 13 15 16 18 20 21 26 | 26.0
Shields        | 4 8 9 10 12 13 15 | 15.5
Evocations     | 26 | 26.0
Invocations    | 27 | 27.0

Action                   |  1- 3 |  4- 6 |  7- 9 | 10-12 | 13-15 | 16-18 | 19-21 | 22-24 | 25-27 || total
-------------------------+-------+-------+-------+-------+-------+-------+-------+-------+-------++-------
Melee: Hand axe          |    86 |   195 |   535 |   835 |       |       |       |       |       ||  1651
       Mace              |       |       |       |    61 |     5 |       |       |       |       ||    66
       Battleaxe         |       |       |       |   123 |   710 |   855 |   236 |       |       ||  1924
       Headbutt          |       |       |       |    10 |   304 |   441 |   557 |   527 |  2978 ||  4817
       Tailslap          |       |       |       |     6 |   210 |   318 |   399 |   398 |  1685 ||  3016
       Constrict         |       |       |       |       |   177 |   199 |   259 |   216 |  1456 ||  2307
       Dire flail        |       |       |       |       |    46 |   129 |       |       |       ||   175
       Executioner's axe |       |       |       |       |       |    56 |       |       |       ||    56
       Broad axe         |       |       |       |       |       |       |   983 |  1142 |  9020 || 11145
       Morningstar       |       |       |       |       |       |       |       |       |     5 ||     5
Throw: Tomahawk          |       |       |     4 |    17 |     6 |    18 |       |       |       ||    45
       Javelin           |       |       |       |     5 |    25 |    58 |    40 |       |     5 ||   133
Invok: Berserk           |     1 |     2 |     7 |    13 |     5 |     3 |     1 |     1 |     8 ||    41
       Trog's Hand       |     1 |     2 |       |     6 |    11 |     7 |     4 |    11 |    46 ||    88
       Burn Spellbooks   |       |       |     1 |     2 |       |       |       |       |       ||     3
       Brothers in Arms  |       |       |       |     2 |     2 |     1 |       |     2 |     2 ||     9
       Cleansing Flame   |       |       |       |       |       |       |       |       |    59 ||    59
       Divine Shield     |       |       |       |       |       |       |       |       |    11 ||    11
       Summon Divine War |       |       |       |       |       |       |       |       |     1 ||     1
       Brand Weapon With |       |       |       |       |       |       |       |       |     1 ||     1
 Abil: Spit Poison       |     1 |       |       |       |       |       |     1 |       |    10 ||    12
       Evoke Flight      |       |       |       |     1 |     2 |       |       |       |     6 ||     9
       Stop Flying       |       |       |       |     1 |       |       |       |       |     3 ||     4
Evoke: Phantom mirror    |       |       |       |       |       |     1 |       |       |       ||     1
       Wand              |       |       |       |       |       |     5 |       |     3 |    13 ||    21
       Lightning rod     |       |       |       |       |       |       |     1 |       |       ||     1
       Lamp of fire      |       |       |       |       |       |       |       |       |     7 ||     7
       Phial of floods   |       |       |       |       |       |       |       |       |     1 ||     1
  Use: Scroll            |     2 |     8 |     7 |    18 |    12 |    12 |     6 |    15 |    67 ||   147
       Potion            |       |     1 |       |     2 |     1 |    10 |     2 |    11 |    71 ||    98
 Stab: Sleeping          |     5 |     9 |    20 |    17 |    32 |    17 |       |     4 |    24 ||   128
       Distracted        |       |     1 |     1 |     2 |     6 |     9 |     6 |     3 |     7 ||    35
       Petrifying        |       |       |       |       |       |       |       |       |     1 ||     1
  Eat: Chunk             |       |     9 |    24 |    29 |    35 |    12 |    19 |     9 |    25 ||   162
       Royal jelly       |       |       |     1 |     4 |       |       |       |     3 |     5 ||    13
       Meat ration       |       |       |       |     3 |       |     3 |       |     2 |    16 ||    24
       Fruit             |       |       |       |     2 |     1 |     1 |     5 |     6 |    44 ||    59
       Bread ration      |       |       |       |     2 |       |     3 |     1 |       |    11 ||    17
Armor: Animal skin       |    36 |    64 |       |       |       |       |       |       |       ||   100
       Ring mail         |       |       |   375 |   504 |   369 |    99 |       |       |       ||  1347
       Scale mail        |       |       |       |       |       |   711 |   189 |       |       ||   900
       Storm dragon scal |       |       |       |       |       |       |   208 |   141 |       ||   349
       Plate armour      |       |       |       |       |       |       |       |   356 |  1885 ||  2241
       Gold dragon scale |       |       |       |       |       |       |       |       |  1292 ||  1292
Dodge: Dodged            |    48 |   113 |   208 |   460 |   489 |   868 |   471 |   519 |  4652 ||  7828
Block: Shield            |       |       |       |       |       |       |   471 |   725 |  6488 ||  7684
       Buckler           |       |       |       |       |       |       |    11 |       |       ||    11
       Large shield      |       |       |       |       |       |       |       |       |   422 ||   422
